 Dungeon Crawl Stone Soup version 0.29-a0-1027-gcd8c55af63 (webtiles) character file.

Game seed: 3503531914178702667

693 porpoise the Stinger (level 7, -6/40 (41) HPs)
             Began as an Octopode Venom Mage on Aug 14, 2022.
             Mangled by a wight
             ... wielding a +4 falchion
              (16 damage)
             ... on level 4 of the Dungeon.
             The game lasted 00:14:53 (5414 turns).

porpoise the Stinger (Octopode Venom Mage)          Turns: 5414, Time: 00:14:54

HP:   -6/40 (41)    AC:  1    Str:  7    XL:     7   Next: 64%
MP:   10/10         EV: 13    Int: 17    God:
Gold: 162           SH:  0    Dex: 15    Spells: 6/10 levels left

rFire   . . .      SeeInvis .   a - +2 dagger (elec)
rCold   . . .      Faith    .   (no shield)
rNeg    . . .      Spirit   .   (helmet restricted)
rPois   .          Reflect  .   (no amulet)
rElec   .          Harm     .   (no ring)
rCorr   .          Rampage  .   (no ring)
Will    .....                   (no ring)
Stlth   ++++......              (no ring)
HPRegen 0.13/turn               (no ring)
MPRegen 0.12/turn               (no ring)
                                (no ring)
                                (no ring)

@: lightly drained
A: almost no armour, amphibious, 8 rings, camouflage 1, gelatinous body 1,
(nimble swimmer 1), tentacles
a: no special abilities


You were on level 4 of the Dungeon.
You visited 1 branch of the dungeon, and saw 4 of its levels.

You collected 162 gold pieces.

Inventory:

Hand Weapons
 a - a +2 dagger of electrocution (weapon)
 b - a +2 short sword of draining
 q - a +0 whip of venom
Missiles
 p - 2 throwing nets
 t - 2 poisoned darts
Armour
 n - an orb of mayhem
Scrolls
 g - a scroll of amnesia {unknown}
 h - a scroll of teleportation
 i - a scroll of identify {unknown}
 k - a scroll of fog {unknown}
Potions
 c - a potion of magic
 e - a potion of heal wounds {unknown}
 f - a potion of lignification {unknown}
 j - a potion of invisibility {unknown}
 l - a potion of attraction {unknown}
 m - a potion of brilliance {unknown}
 o - 2 potions of curing {unknown}
 r - 2 potions of haste {unknown}
 s - a potion of degeneration {unknown}


   Skills:
 - Level 2.0 Short Blades
 - Level 2.0 Dodging
 - Level 5.0 Stealth
 - Level 2.0 Spellcasting
 + Level 2.9 Conjurations
 - Level 3.2 Transmutations
 + Level 2.9 Air Magic
 + Level 6.5 Poison Magic


You had 6 spell levels left.
You knew the following spells:

 Your Spells              Type           Power      Damage    Failure   Level
a - Sting                 Tmut/Pois      72%        1d6       2%          1
m - Mephitic Cloud        Conj/Pois/Air  15%        N/A       11%         3

Your spell library contained the following spells:

 Spells                   Type           Power      Damage    Failure   Level
 Poisonous Vapours        Pois/Air       34%        N/A       4%          2
 Wereblood                Tmut           12%        N/A       8%          2
 Spider Form              Tmut/Pois      18%        N/A       8%          3
 Olgreb's Toxic Radiance  Pois           23%        N/A       13%         4
 Ensorcelled Hibernation  Hex/Ice        2%         N/A       28%         2
 Sublimation of Blood     Necr           1%         N/A       28%         2
 Anguish                  Hex/Necr       0%         N/A       88%         4
 Summon Hydra             Summ           0%         N/A       100%        7


Dungeon Overview and Level Annotations

Branches:
Dungeon (4/15)
 Temple: D:4-7

Altars:

Annotations:
D:3 3 runed translucent doors, quixfox's ghost, amateur GrEE


Innate Abilities, Weirdness & Mutations

You cannot wear most types of armour.
You are amphibious.
You can wear up to eight rings at the same time.
Your skin changes colour to match your surroundings (Stealth+).
Your rubbery body absorbs attacks. (AC +1, EV +1)
((You are camouflaged when in or above water. (Stealth+)))
You have tentacles for arms and can constrict up to eight enemies at once.


Message History

Unknown command.
Unknown command.
Unknown command.
Casting: Sting (safe; 2% risk of failure)
Confirm with . or Enter, or press ? or * to list all spells.
Okay, then.
Unknown command.
You see here a +0 helmet.
Really wriggle into that teleport trap?
You enter a teleport trap!
The teleport trap disappears.
Your surroundings suddenly seem different.
You start resting.
HP restored.
r - 2 red potions (gained 1)
You open the door.
There is an open door here.
As you open the door, it creaks loudly!
There is an open door here.
Items here: ( ))) [.
Casting: Sting (safe; 2% risk of failure)
Confirm with . or Enter, or press ? or * to list all spells.
Okay, then.
Unknown command.
You hit the wight but do no damage. Lightning courses through the wight!
You grab the wight. You squeeze the wight!
You destroy the wight!
Things that are here:
a +1 war axe; a +0 robe You start waiting.
Done waiting.
Items here: ( ))) [.
The wight hits you with a +4 falchion!
You feel drained.
You closely miss the wight. Your grab misses the wight.
Your squeeze misses the wight. The wight misses you.
You hit the wight but do no damage. Your grab misses the wight.
The wight hits you with a +4 falchion!
* * * LOW HITPOINT WARNING * * *
You hit the wight but do no damage. Your grab misses the wight.
The wight hits you with a +4 falchion!
You die...

#...#...#......#........#.#.....#
#...#...#......##########.#.#.###
#...#...###..#.#...# #.#.#.#
#...#...##.........# #.#.#.#
#...#...##.........######.#.#.#
#.).######..............#.#.#.###
#...###..)..............#.#.#....
........##..............#.#.#####
.#......##....zz@.......#.#
.#......######'#+##z....#.####
.#......# #.>..............#
.#......# #..z.............#
.#......# #................#
.#......# #.zz.......!.....#
.#......# #................#
.+......### #................#
.#........# #..................


You could see 3 wights.

Vanquished Creatures
  An ogre (D:4)
  2 scorpions (D:4)
  A wight (D:4)
  2 hounds (D:4)
  2 orc priests (D:3)
  3 iguanas (D:4)
  4 gnolls (D:3)
  10 adders
  A shadow imp (D:3)
  4 worms
  2 dart slugs
  6 orcs
  12 endoplasms
  4 giant cockroaches
  7 goblins
  6 hobgoblins
  3 jackals (D:4)
  7 kobolds
  8 quokkas
  7 ball pythons
  10 bats
  4 frilled lizards
  A rat (D:3)
107 creatures vanquished.

Notes
Turn   | Place    | Note
-------+----------+-------------------------------------------
     0 | D:1      | porpoise the Octopode Venom Mage began the quest for the
                  | Orb.
     0 | D:1      | Reached XP level 1. HP: 11/11 MP: 3/3
   319 | D:1      | Reached XP level 2. HP: 10/17 MP: 5/5
   546 | D:1      | Reached skill level 4 in Poison Magic
  1229 | D:1      | Reached XP level 3. HP: 21/21 MP: 6/6
  1235 | D:1      | Reached skill level 1 in Short Blades
  1987 | D:2      | Reached XP level 4. HP: 27/27 MP: 7/7
  2222 | D:2      | Found a faded altar of an unknown god.
  2336 | D:2      | Learned a level 3 spell: Mephitic Cloud
  2802 | D:3      | Reached XP level 5. HP: 13/31 MP: 8/8
  3041 | D:3      | Noticed quixfox's ghost (amateur GrEE)
  3068 | D:3      | Found a runed translucent gate.
  3068 | D:3      | Found a runed translucent gate.
  3068 | D:3      | Found a runed translucent gate.
  3190 | D:3      | Reached skill level 5 in Poison Magic
  3355 | D:3      | Reached XP level 6. HP: 33/36 MP: 9/9
  3785 | D:3      | Reached skill level 5 in Stealth
  4055 | D:4      | Reached skill level 1 in Conjurations
  4055 | D:4      | Reached skill level 1 in Air Magic
  4441 | D:4      | Reached XP level 7. HP: 31/41 MP: 7/10
  4448 | D:4      | Reached skill level 6 in Poison Magic
  5414 | D:4      | Mangled by a wight

Illustrated notes

Levels and vault maps discovered:
D:1:      kennysheep_arrival_forest, layout_rooms
D:2:      layout_basic, ebering_ecumenical_altar_webs
D:3:      layout_loops_ring, gammafunk_ghost_icy
D:4:      layout_basic, minmay_temple_entry_fiery

Skill      XL: |  1  2  3  4  5  6  7 |
---------------+----------------------+-----
Stealth        | 3 4 5 |  5.0
Poison Magic   | 4 5 6 |  6.5
Short Blades   | 1 2 |  2.0
Transmutations | 2 3 |  3.2
Conjurations   | 1 2 |  2.9
Air Magic      | 1 2 |  2.9
Dodging        | |  2.0
Spellcasting   | |  2.0

Action                   |  1- 3 |  4- 6 |  7- 9 || total
-------------------------+-------+-------+-------++-------
Melee: Unarmed           |    11 |       |       ||    11
       Dagger            |    69 |    51 |     4 ||   124
       Constrict         |    18 |    27 |     6 ||    51
       Tentacles         |    17 |    18 |     6 ||    41
       Short sword       |       |    72 |    23 ||    95
       Punch             |       |     2 |       ||     2
 Cast: Sting             |     3 |    11 |     2 ||    16
  Use: Scroll            |       |     1 |     2 ||     3
 Stab: Sleeping          |     9 |    13 |     4 ||    26
Armor: Skin              |     4 |    11 |       ||    15
Dodge: Dodged            |    38 |    68 |    15 ||   121

Table legend: (Time is in decaauts)
 A = Elapsed time spent in this place.
 B = Non-inter-level travel time spent in this place.
 C = Inter-level travel time spent in this place.
 D = Time resting spent in this place.
 E = Time spent auto-exploring this place.
 F = Levels seen in this place.
 G = Mean time per level.
                   A        B        C        D        E       F      G
               +--------+--------+--------+--------+--------+-----+--------+
         Total |   5403 |   5334 |     69 |   2449 |   1951 |   4 | 1350.8 |
       Dungeon |   5403 |   5334 |     69 |   2449 |   1951 |   4 | 1350.8 |
               +--------+--------+--------+--------+--------+-----+--------+

Top non-repeatable levels by time:
     D:1: 1745 daAuts
     D:4: 1517 daAuts
     D:3: 1165 daAuts
     D:2: 975 daAuts
